 Dungeon Crawl Stone Soup version 0.30-a0-263-ge22c4ad894 (webtiles) character file.

Game seed: 5628505145798501150

3 pascalblue the Caller (level 1, -1/10 HPs)
             Began as a Deep Elf Summoner on Oct 13, 2022.
             Slain by a hobgoblin
             ... wielding a staff of poison
              (5 damage)
             ... on level 1 of the Dungeon.
             The game lasted 00:01:18 (137 turns).

pascalblue the Caller (Deep Elf Summoner)            Turns: 137, Time: 00:01:19

Health: -1/10      AC:  2    Str:  5    XL:     1   Next: 41%
Magic:  2/6        EV: 12    Int: 19    God:
Gold:   0          SH:  0    Dex: 15    Spells: 5/6 levels left

rFire   . . .      SeeInvis .    (no weapon)
rCold   . . .      Faith    .    (no shield)
rNeg    . . .      Spirit   .    a - +0 robe
rPois   .          Reflect  .    (no helmet)
rElec   .          Harm     .    (no cloak)
rCorr   .          Rampage  .    (no gloves)
Will    .....                    (no boots)
Stlth   ++........               (no amulet)
HPRegen 0.21/turn                (no ring)
MPRegen 0.10/turn                (no ring)

@: no status effects
A: no striking features
a: no special abilities


You were on level 1 of the Dungeon.
You visited 1 branch of the dungeon, and saw 1 of its levels.

Inventory:

Armour
 a - a +0 robe (worn)
Scrolls
 d - a scroll of noise {unknown}
 e - a scroll of identify {unknown}
Potions
 b - a potion of magic
 c - a potion of lignification {unknown}
 f - a potion of curing {unknown}


   Skills:
 - Level 2.4 Dodging
 - Level 2.4 Stealth
 + Level 3.1 Spellcasting
 * Level 4.5 Summonings


You had 5 spell levels left.
You knew the following spells:

 Your Spells              Type           Power      Damage    Failure   Level
a - Summon Small Mammal   Summ           80%        N/A       2%          1

Your spell library contained the following spells:

 Spells                   Type           Power      Damage    Failure   Level
 Call Imp                 Summ           20%        N/A       3%          2
 Call Canine Familiar     Summ           20%        N/A       7%          3
 Summon Guardian Golem    Hex/Summ       11%        N/A       19%         3
 Summon Lightning Spire   Summ/Air       11%        N/A       52%         4


Dungeon Overview and Level Annotations

Branches:
Dungeon (1/15)

Altars:


Message History

Your bat hits the hobgoblin but does no damage.
Your bat closely misses the hobgoblin.
The hobgoblin barely misses you.
Your bat hits the hobgoblin but does no damage.
The hobgoblin barely misses your bat.
Casting: Summon Small Mammal (safe; 2% risk of failure)
Confirm with . or Enter, or press ? or * to list all spells.
Your bat disappears in a puff of smoke!
Your bat barely misses the hobgoblin.
Your bat closely misses the hobgoblin. x2
The hobgoblin closely misses your bat. What are your orders? t - Shout!
Orders for allies: a - Attack new target. r - Retreat! s - Stop attacking. g - Guard the area. f - Follow me.
Anything else - Cancel.
Gang up on whom?
Press: ? - help, Dir - move target, f - hobgoblin
Aim: a hobgoblin, wielding a staff of poison Attack!
Your bat hits the hobgoblin but does no damage.
The hobgoblin hits your bat. The hobgoblin attacks as you move away!
The hobgoblin hits you with a staff of poison.
Ouch! That really hurt!
Your bat hits the hobgoblin. x3
Casting: Summon Small Mammal (safe; 2% risk of failure)
Confirm with . or Enter, or press ? or * to list all spells.
Your bat disappears in a puff of smoke!
Your bat hits the hobgoblin. The hobgoblin closely misses you.
You barely miss the hobgoblin.
The hobgoblin is heavily wounded.
Your rat barely misses the hobgoblin.
The hobgoblin hits you with a staff of poison.
The hobgoblin barely misses you.
You hit the hobgoblin.
The hobgoblin is severely wounded.
Your bat barely misses the hobgoblin.
Your rat closely misses the hobgoblin.
The hobgoblin hits you with a staff of poison.
Ouch! That really hurt!
You die...

###.####### .........>#
..........# ..........#
..........#
.........b#####
.......r......#
........gg##..###
#.#..##..@#.....
#.##.#).####.#.#.#.#
.##..#..# #........
#.#......# ##..#.#.#.
###.. #.#...###.........
.#..###.#.......########
.#..#........####
...##...†....#
.<.#.......#.#


You could see 2 hobgoblins, a friendly bat (summoned) and a friendly rat
(summoned).

Vanquished Creatures
  A giant cockroach (D:1)
  A rat (D:1)
2 creatures vanquished.

Vanquished Creatures (collateral kills)
  A frilled lizard (D:1)
  A kobold (D:1)
2 creatures vanquished.

Grand Total: 4 creatures vanquished

Notes
Turn   | Place    | Note
-------+----------+-------------------------------------------
     0 | D:1      | pascalblue the Deep Elf Summoner began the quest for the
                  | Orb.
     0 | D:1      | Reached XP level 1. HP: 10/10 MP: 6/6
   137 | D:1      | Slain by a hobgoblin

Illustrated notes

Levels and vault maps discovered:
D:1:      dpeg_arrival_simpleton_a, layout_rooms,
          chequers_serial_rivers_micro_c, minmay_misc_feat_pillars

Action                   || total
-------------------------++-------
Melee: Unarmed           ||    11
 Cast: Summon Small Mamm ||     9
Armor: Robe              ||     3
Dodge: Dodged            ||     9

Table legend: (Time is in decaauts)
 A = Elapsed time spent in this place.
 B = Non-inter-level travel time spent in this place.
 C = Inter-level travel time spent in this place.
 D = Time resting spent in this place.
 E = Time spent auto-exploring this place.
 F = Levels seen in this place.
 G = Mean time per level.
                   A        B        C        D        E       F      G
               +--------+--------+--------+--------+--------+-----+--------+
         Total |    137 |    137 |      0 |      0 |     81 |   1 |  137.0 |
       Dungeon |    137 |    137 |      0 |      0 |     81 |   1 |  137.0 |
               +--------+--------+--------+--------+--------+-----+--------+

Top non-repeatable levels by time:
     D:1: 137 daAuts
